 Dungeon Crawl Stone Soup version 0.31-a0-1589-g8f5e8aebd6 (webtiles) character file.

Game seed: 3393668489979545497

55 SmokeWeed the Sneak (level 3, -1/27 HPs)
             Began as a Demonspawn Brigand on Jan 5, 2024.
             Slain by Natasha (5 damage)
             ... on level 2 of the Dungeon.
             The game lasted 00:03:12 (1611 turns).

SmokeWeed the Sneak (Demonspawn Brigand)            Turns: 1611, Time: 00:03:13

Health: -1/27      AC:  7    Str:  9    XL:     3   Next: 67%
Magic:  3/3        EV:  8    Int: 11    God:
Gold:   43         SH:  0    Dex: 16    Spells: 2/2 levels left

rFire   . . .        a - +2 dagger
rCold   . . .        (no shield)
rNeg    . . .        u - +0 scale mail
rPois   .            (helmet restricted)
rElec   .            c - +0 cloak
rCorr   +            (no gloves)
SInv    .            (no boots)
Will    .....        (no amulet)
Stlth   ++           n - ring of resist corrosion
HPRegen 0.24/turn    (no ring)
MPRegen 0.08/turn

%: clarity
@: no status effects
A: horns 2, clarity, weak 1
a: no special abilities


You were on level 2 of the Dungeon.
You visited 1 branch of the dungeon, and saw 2 of its levels.

You collected 43 gold pieces.

Inventory:

Hand Weapons
 a - a +2 dagger (weapon)
 p - a +0 flail
Missiles
 d - 8 poisoned darts (quivered)
 e - 3 curare-tipped darts
Armour
 b - a +0 robe
 c - a +0 cloak (worn)
 g - a +0 ring mail
 u - a +0 scale mail (worn)
Jewellery
 n - a ring of resist corrosion (left hand)
Scrolls
 h - a scroll of enchant armour {unknown}
 i - a scroll of acquirement {unknown}
 j - a scroll of enchant weapon {unknown}
 k - a scroll of noise {unknown}
 l - a scroll of poison {unknown}
 r - a scroll of fear {unknown}
 s - a scroll of vulnerability {unknown}
Potions
 f - a potion of mutation
 m - a potion of magic {unknown}
 o - a potion of cancellation {unknown}
 q - a potion of attraction {unknown}
 t - a potion of curing {unknown}
 v - a potion of resistance {unknown}


   Skills:
 * Level 2.1 Fighting
 + Level 2.2 Short Blades
 + Level 1.8 Throwing
 * Level 0.8 Armour
 * Level 1.0 Dodging
 * Level 4.6 Stealth


You had 2 spell levels left.
You didn't know any spells.
Your spell library contained the following spells:

 Spells                   Type           Power      Damage    Failure   Level
 Kiss of Death            Conj/Necr      0%         2d5       96%         1
 Confusing Touch          Hex            0%         N/A       100%        3
 Ozocubu's Armour         Ice            0%         N/A       100%        3
 Dispel Undead            Necr           0%         3d6       100%        4
 Metabolic Englaciation   Hex/Ice        0%         N/A       100%        5
 Sculpt Simulacrum        Ice/Alch       0%         N/A       100%        6


Dungeon Overview and Level Annotations

Branches:
Dungeon (2/15)

Altars:

Annotations:
D:2 Natasha


Innate Abilities, Weirdness & Mutations

You have a pair of horns on your head.
You possess an exceptional clarity of mind.
You are weak. (Str -2)


Message History

Natasha is lightly wounded.
The cerulean imp hits you from afar with a +1 spear.
Natasha claws you but does no damage.
You hit Natasha. Your headbutt misses Natasha.
Natasha is moderately wounded.
The cerulean imp closely misses you. Natasha claws you.
You closely miss Natasha.
Natasha is moderately wounded.
The cerulean imp barely misses you. Natasha claws you.
You barely miss Natasha.
Natasha is moderately wounded.
The cerulean imp hits you from afar with a +1 spear.
You completely miss Natasha. Your headbutt misses Natasha.
Natasha is moderately wounded.
Natasha claws you.
The cerulean imp hits you but does no damage.
You closely miss Natasha.
Natasha is moderately wounded.
Natasha claws you. The cerulean imp barely misses you.
You closely miss Natasha.
Natasha is moderately wounded.
Natasha claws you!
* * * LOW HITPOINT WARNING * * *
The cerulean imp hits you from afar with a +1 spear.
* * * LOW HITPOINT WARNING * * *
It was a potion of mutation.
You feel extremely strange.
You feel weaker.
Your thoughts seem clearer.
Natasha casts a spell at you. The magic dart hits you.
* * * LOW HITPOINT WARNING * * *
The cerulean imp barely misses you.
Throw: 9 darts (poison)
Press: ? - help, Q - select action, (/) - cycle Shift-Dir - straight line, f - Natasha
Aim: Natasha (moderately wounded, 50% to hit)
You throw a poisoned dart.
The poisoned dart barely misses Natasha.
The poisoned dart hits the cerulean imp.
Natasha claws you.
You die...
Natasha curls up and begins to purr.

#.....#.#.###
####.#.#.#.#.#
.....#.#.#.#.# ##
######.#.#.#.# ..
.......#.#.#.# ##.
#.#.####.#.#.# #..
#.#.# #.# #.# #5#
#.#.##^#.#.#.# #h# #
#.#.##.....#.###@##.#
..#.# #............#
#.#.# .#####.###.#####
###.#.............?..#
....#..###...#########
..#.#.........
.............#
.......>.....#
..######.#...#


You could see Natasha and a cerulean imp (summoned).

Vanquished Creatures
  2 adders (D:2)
  5 ball pythons
  3 bats
  2 endoplasms (D:1)
  2 goblins
  5 hobgoblins
  4 quokkas
  A frilled lizard (D:1)
  3 kobolds (D:2)
  7 rats
34 creatures vanquished.

Notes
Turn   | Place    | Note
-------+----------+-------------------------------------------
     0 | D:1      | SmokeWeed the Demonspawn Brigand began the quest for the
                  | Orb.
     0 | D:1      | Reached XP level 1. HP: 16/16 MP: 1/1
   182 | D:1      | Reached skill level 4 in Stealth
   229 | D:1      | Gained mutation: You have a pair of small horns on your
                  | head. [demonic ancestry]
   229 | D:1      | Reached XP level 2. HP: 19/22 MP: 2/2
   599 | D:1      | Reached skill level 1 in Dodging
  1064 | D:2      | Gained mutation: You have a pair of horns on your head.
                  | [demonic ancestry]
  1064 | D:2      | Reached XP level 3. HP: 25/27 MP: 3/3
  1598 | D:2      | Noticed Natasha
  1610 | D:2      | Gained mutation: You are weak. (Str -2) [potion of
                  | mutation]
  1610 | D:2      | Gained mutation: You possess an exceptional clarity of
                  | mind. [potion of mutation]
  1611 | D:2      | Slain by Natasha

Illustrated notes

Levels and vault maps discovered:
D:1:      sevenhm_arrival_forest_fort_large_1, layout_loops_corners
D:2:      layout_basic, dreamdust_ecumenical_altar_hidden_monk_grotto,
          minmay_tall_x, uniq_natasha

Skill      XL: |  1  2  3 |
---------------+----------+-----
Stealth        | 4 |  4.6
Dodging        | 1 |  1.0
Short Blades   | 2 |  2.2
Fighting       | |  2.1
Throwing       | |  1.8
Armour         | |  0.8

Action                     || total
---------------------------++-------
  Melee: Dagger            ||    92
         Headbutt          ||     9
         Punch             ||     1
  Throw: Dart              ||     1
    Use: Potion            ||     1
   Stab: Sleeping          ||    11
 Armour: Ring mail         ||    36
         Robe              ||     5
         Scale mail        ||    16
  Dodge: Dodged            ||    41

Table legend: (Time is in decaauts)
 A = Elapsed time spent in this place.
 B = Non-inter-level travel time spent in this place.
 C = Inter-level travel time spent in this place.
 D = Time resting spent in this place.
 E = Time spent auto-exploring this place.
 F = Levels seen in this place.
 G = Mean time per level.
                   A        B        C        D        E       F      G
               +--------+--------+--------+--------+--------+-----+--------+
         Total |   1603 |   1565 |     38 |      0 |   1274 |   2 |  801.5 |
       Dungeon |   1603 |   1565 |     38 |      0 |   1274 |   2 |  801.5 |
               +--------+--------+--------+--------+--------+-----+--------+

Top non-repeatable levels by time:
     D:1: 1006 daAuts
     D:2: 597 daAuts
